 Dungeon Crawl Stone Soup version 0.20-a0-465-g6513c8f (webtiles) character file.

93 Musica the Grave Robber (level 4, -6/30 HPs)
             Began as a Mummy Necromancer on Jan 12, 2017.
             Killed by divine providence
             ... invoked by an orc priest
              (16 damage)
             ... on level 4 of the Dungeon.
             The game lasted 00:07:36 (1347 turns).

Musica the Grave Robber (Mummy Necromancer)         Turns: 1347, Time: 00:07:37

Health: -6/30      AC:  2    Str: 11    XL:     4   Next: 36%
Magic:  2/10       EV: 12    Int: 15    God:
Gold:   4          SH:  0    Dex: 12    Spells: 2/11 levels left

rFire  x . .     SeeInvis .     d - +0 flail
rCold  + . .     Gourm    .     a - +0 robe
rNeg   + + +     Faith    .     (no shield)
rPois  ∞         Spirit   .     (no helmet)
rElec  .         Reflect  .     (no cloak)
rCorr  .         Harm     .     (no gloves)
MR     .....                    (no boots)
Stlth  ++........               (no amulet)
                                (no ring)
                                (no ring)

@: very slightly contaminated
A: no food or potions, fire vulnerability, cold resistance 1, negative energy
resistance 3, torment resistance, unbreathing
a: no special abilities


You were on level 4 of the Dungeon.
You were not hungry.

You visited 1 branch of the dungeon, and saw 4 of its levels.

You collected 4 gold pieces.

Inventory:

Hand Weapons
 c - a +0 club
 d - a +0 flail (weapon)
Missiles
 i - 13 bolts
 k - 11 poisoned needles
Armour
 a - a +0 robe (worn)
 g - a +0 buckler
Scrolls
 e - 2 scrolls of noise
 f - 2 scrolls of teleportation
 h - a scroll of remove curse
Books
 b - a book of Necromancy

   Spells                             Type                      Level
   a - Pain                           Necromancy                   1
   b - Animate Skeleton               Necromancy                   1
   c - Vampiric Draining              Necromancy                   3
   d - Regeneration                   Charms/Necromancy            3
   e - Animate Dead                   Necromancy                   4
   f - Control Undead                 Necromancy                   4


   Skills:
 + Level 0.1 Maces & Flails
 - Level 1.5 Dodging
 - Level 1.5 Stealth
 + Level 4.0 Spellcasting
 + Level 5.2 Necromancy


You had 2 spell levels left.
You knew the following spells:

 Your Spells              Type           Power        Failure   Level  Hunger
a - Pain                  Necr           ###.         1%          1    N/A
b - Animate Skeleton      Necr           N/A          1%          1    N/A
c - Vampiric Draining     Necr           ###.......   10%         3    N/A
d - Animate Dead          Necr           N/A          24%         4    N/A

Dungeon Overview and Level Annotations

Branches:
Dungeon (4/15)
 Temple: D:4-7

Altars:


Innate Abilities, Weirdness & Mutations

You do not eat or drink.
Your flesh is vulnerable to fire.
You are immune to poison.
Your flesh is cold resistant. (rC+)
You are immune to negative energy. (rN+++)
You are immune to unholy pain and torment.
You can survive without breathing.


Message History

Aim: an orc priest, wielding a hand axe (chance to defeat MR: 78%)
You miscast Pain.
You are very lightly contaminated with residual magic.
Nothing appears to happen.
The orc priest invokes the aid of Beogh against you.
Beogh smites you!
The orc hits your worker ant zombie with a mace.
Your worker ant zombie bites the orc.
The orc hits your worker ant zombie with a mace.
Your worker ant zombie completely misses the orc.
Casting: Pain
Confirm with . or Enter, or press ? or * to list all spells.
Aiming: Pain
Press: ? - help, Shift-Dir - straight line, f/p - orc priest
Aim: an orc priest, wielding a hand axe (chance to defeat MR: 78%)
The orc priest barely resists.
The orc priest invokes the aid of Beogh against you.
Beogh smites you!
Ouch! That really hurt!
You die...

####..#####.#.#
####..###...#.#
#...........#.#
#.##..###.<.#.#
#.##..###.).#.#
#.##..##....#.#
######.##.oo....##.#
............o..###.#
######.##.###Zo.@..#
#.....##.# ########
#.######.#
#........#
#.######.# ### ###


You could see 2 orc priests, 2 orcs and a friendly worker ant zombie.

Vanquished Creatures
  A worker ant (D:4)
  An adder (D:3)
  A gnoll (D:1)
  3 leopard geckos
  2 orcs (D:4)
  5 giant cockroaches
  5 goblins (D:1)
  10 hobgoblins
  2 jackals (D:1)
  A quokka (D:2)
  A ball python (D:2)
  2 bats
  3 kobolds (D:1)
  5 rats (D:1)
42 creatures vanquished.

Notes
Turn   | Place    | Note
-------+----------+-------------------------------------------
     0 | D:1      | Musica the Mummy Necromancer began the quest for the Orb.
     0 | D:1      | Reached XP level 1. HP: 13/13 MP: 4/4
    13 | D:1      | Learned a level 1 spell: Animate Skeleton
    59 | D:1      | Reached XP level 2. HP: 19/19 MP: 0/5
   400 | D:1      | Reached XP level 3. HP: 19/24 MP: 7/7
   405 | D:1      | Learned a level 3 spell: Vampiric Draining
  1014 | D:1      | Reached skill level 5 in Necromancy
  1210 | D:4      | Reached XP level 4. HP: 14/30 MP: 1/9
  1224 | D:4      | Learned a level 4 spell: Animate Dead
  1347 | D:4      | Killed from afar by an orc priest

Vault maps used:
D:1:      mrwooster_arrival_statue_2
D:3:      first_bread, gup_sewer_entry_spiral
D:4:      uniq_grinder, uniq_edmund

Skill      XL: |  1  2  3  4 |
---------------+-------------+-----
Spellcasting   | 3 4 |  4.0
Necromancy     | 5 |  5.2
Maces & Flails | |  0.1
Dodging        | |  1.5
Stealth        | |  1.5

Action                   |  1- 3 |  4- 6 || total
-------------------------+-------+-------++-------
Melee: Unarmed           |     1 |       ||     1
       Flail             |    27 |       ||    27
 Cast: Pain              |    69 |     8 ||    77
       Animate Skeleton  |     9 |       ||     9
       Animate Dead      |       |     1 ||     1
  Use: Scroll            |     6 |       ||     6
 Stab: Sleeping          |     2 |       ||     2
Armor: Robe              |     9 |     1 ||    10
Dodge: Dodged            |    25 |       ||    25
Block: Buckler           |     6 |       ||     6
